 Dungeon Crawl Stone Soup version 0.29.1-12-g30fa7ad0bf (webtiles) character file.

Game seed: 2310494333803850769

409 Lutefisk the Trooper (level 6, 0/57 HPs)
             Began as a Draconian Warper on Dec 19, 2022.
             Was an Initiate of Trog.
             Slain by an orc
             ... wielding a +1 hand axe of venom
              (5 damage)
             ... in the Ecumenical Temple on Dec 20, 2022.
             The game lasted 00:18:25 (2481 turns).

Lutefisk the Trooper (Draconian Warper)             Turns: 2481, Time: 00:18:27

Health: 0/57       AC:  9    Str: 13    XL:     6   Next: 58%
Magic:  9/9        EV: 12    Int: 14    God:    Trog [......]
Gold:   139        SH:  0    Dex: 12    Spells: 7/9 levels left

rFire   . . .      SeeInvis .   o - +0 trident
rCold   . . .      Faith    .   (no shield)
rNeg    . . .      Spirit   .   (body armour unavailable)
rPois   .          Reflect  .   (helmet restricted)
rElec   .          Harm     .   (no cloak)
rCorr   .          Rampage  .   p - +0 pair of gloves
Will    .....                   q - +1 pair of boots
Stlth   ++........              (no amulet)
HPRegen 0.19/turn               (no ring)
MPRegen 0.11/turn               (no ring)

@: mighty, lethally poisoned (0 -> -16), flying
A: AC +6, unfitting armour, cold-blooded
a: Renounce Religion


You were in the Ecumenical Temple.
You worshipped Trog.
Trog was noncommittal.
You visited 2 branches of the dungeon, and saw 6 of its levels.

You collected 139 gold pieces.

Inventory:

Hand Weapons
 a - a +0 spear
 o - a +0 trident (weapon)
Missiles
 c - 5 boomerangs of dispersal (quivered)
 f - 6 javelins
 n - 5 datura-tipped darts
Armour
 p - a +0 pair of gloves (worn)
 q - a +1 pair of boots (worn)
Magical Staves
 h - a staff of fire
Wands
 v - a wand of mindburst (21)
Scrolls
 b - 2 scrolls of blinking
 d - a scroll of magic mapping {unknown}
 g - a scroll of enchant armour {unknown}
 i - 2 scrolls of identify {unknown}
 k - 2 scrolls of fog {unknown}
 l - a scroll of enchant weapon {unknown}
 s - 3 scrolls of teleportation {unknown}
 u - a scroll of silence {unknown}
Potions
 e - a potion of brilliance {unknown}
 j - a potion of magic {unknown}
 m - a potion of might
 r - a potion of degeneration {unknown}
 t - a potion of flight


   Skills:
 - Level 6.0 Fighting
 - Level 4.0 Polearms
 - Level 1.0 Throwing
 * Level 2.8 Dodging
 - Level 1.0 Stealth
 - Level 2.0 Spellcasting
 - Level 3.0 Translocations
 - Level 1.0 Evocations


You had 7 spell levels left.
You knew the following spells:

 Your Spells              Type           Power      Damage    Failure   Level
a - Blink                 Tloc           18%        N/A       11%         2

Your spell library contained the following spells:

 Spells                   Type           Power      Damage    Failure   Level
 Gell's Gravitas          Tloc           9%         N/A       21%         3
 Lesser Beckoning         Tloc           9%         N/A       21%         3
 Teleport Other           Tloc           9%         N/A       21%         3
 Dazzling Flash           Conj/Hex       2%         N/A       56%         3
 Manifold Assault         Tloc           9%         N/A       88%         5
 Agony                    Necr           1%         N/A       100%        5
 Silence                  Hex/Air        0%         N/A       100%        5


Dungeon Overview and Level Annotations

Branches:
Dungeon (5/15)             Temple (1/1) D:5

Altars:
Cheibriados
Gozag
Hepliaklqana
Makhleb
Qazlal
Sif Muna
Trog
Uskayaw
Vehumet
Xom
Yredelemnul
Zin

Shops:
D:4 (

Annotations:
D:3 Sigmund


Innate Abilities, Weirdness & Mutations

Your plain brown scales are hard. (AC +6)
You cannot fit into any form of body armour.
You are cold-blooded and may be slowed by cold attacks.


Message History

You closely miss the orc. You tail-slap the orc.
The orc is severely wounded.
You feel very sick. The orc closely misses you.
The orc hits you but does no damage.
You barely miss the orc.
The orc is severely wounded.
You feel sick.
The orc hits you with a +1 hand axe of venom.
You are more poisoned.
The orc closely misses you. The orc attacks as you move away!
The orc closely misses you. The orc attacks as you move away!
The orc hits you but does no damage.
You feel very sick. The orc attacks as you move away!
The orc hits you but does no damage. The orc attacks as you move away!
The orc hits you with a +1 hand axe of venom.
You feel very sick.
You feel sick.
You hit the orc.
The orc is heavily wounded.
You feel sick. The orc hits you but does no damage.
You are more poisoned.
You hit the orc but do no damage.
The orc is heavily wounded.
You feel very sick.
The orc hits you with a +1 hand axe of venom.
* * * LOW HITPOINT WARNING * * *
You are lethally poisoned!
It was a potion of might.
You feel very mighty all of a sudden.
* * * LOW HITPOINT WARNING * * *
You feel very sick. The orc barely misses you.
It was a potion of flight.
You feel very buoyant.
You fly up into the air.
* * * LOW HITPOINT WARNING * * *
You feel very sick.
The orc hits you with a +1 hand axe of venom.
You die...

♣♣♣♣♣ ♣♣♣♣♣♣♣♣♣♣...♣♣♣♣♣♣♣♣♣♣
♣♣♣.....♣♣..♣♣♣..♣♣.....♣♣♣
♣♣....._...♣♣♣ ♣♣♣..._.....♣♣
♣...........♣ ♣...........♣
♣._...8.....♣ ♣.....8..._.♣
♣...........♣ ♣...........♣
♣♣......8..♣♣♣ ♣♣..8......♣♣
♣♣.♣♣......♣.@♣♣♣..♣......♣♣.♣
♣♣.♣♣♣♣♣♣♣♣♣♣♣♣o..♣♣♣♣♣♣♣♣♣♣♣♣.
♣♣.♣♣♣♣♣ ♣♣♣.o.[.♣♣♣ ♣♣♣♣♣
♣♣......♣♣♣♣♣♣....<....♣♣♣♣♣♣....
♣.._......♣...♣♣.....♣♣...♣......
...........♣♣ ♣♣...♣♣ ♣♣.......
.....#.._..♣ ♣♣.♣♣ ♣.._..#.
...........♣ ♣♣♣.♣♣♣ ♣.......
♣..._.....♣♣ ♣♣♣.....♣♣♣ ♣♣....._


You could see 2 orcs.

Vanquished Creatures
  2 scorpions
  A jelly (Temple)
  Jessica (D:2)
  An orc wizard (D:3)
  3 gnolls (D:4)
  5 adders
  A worm (D:2)
  6 dart slugs
  15 orcs
  2 bats (D:1)
  7 endoplasms
  5 giant cockroaches
  11 goblins
  8 hobgoblins
  11 jackals
  4 quokkas
  3 ball pythons
  4 frilled lizards
  5 kobolds
  8 rats
103 creatures vanquished.

Vanquished Creatures (others)
  9 fungi
  2 plants (D:1)
11 creatures vanquished.

Grand Total: 114 creatures vanquished

Notes
Turn   | Place    | Note
-------+----------+-------------------------------------------
     0 | D:1      | Lutefisk the Draconian Warper began the quest for the Orb.
     0 | D:1      | Reached XP level 1. HP: 17/17 MP: 3/3
    67 | D:1      | Reached skill level 3 in Fighting
    70 | D:1      | Reached XP level 2. HP: 15/26 MP: 5/5
   297 | D:1      | Found a faded altar of an unknown god.
   303 | D:1      | Reached XP level 3. HP: 26/33 MP: 6/6
   307 | D:1      | Reached skill level 4 in Fighting
   310 | D:1      | Learned a level 2 spell: Blink
   370 | D:1      | Reached skill level 1 in Throwing
   592 | D:2      | Reached XP level 4. HP: 25/41 MP: 7/7
   755 | D:2      | Noticed Jessica
   770 | D:2      | Killed Jessica
   771 | D:2      | Reached skill level 5 in Fighting
   771 | D:2      | Reached skill level 1 in Stealth
   771 | D:2      | Reached skill level 1 in Evocations
  1004 | D:3      | Found a stormy altar of Qazlal.
  1178 | D:3      | Noticed Sigmund
  1209 | D:4      | Reached XP level 5. HP: 48/48 MP: 8/8
  1500 | D:4      | Found Optosuz's Antique Weapon Shoppe.
  1551 | D:4      | Reached skill level 6 in Fighting
  1625 | D:4      | Reached XP level 6. HP: 9/57 MP: 9/9
  2061 | D:5      | Entered Level 5 of the Dungeon
  2065 | D:5      | Found a staircase to the Ecumenical Temple.
  2094 | Temple   | Entered the Ecumenical Temple
  2151 | Temple   | Became a worshipper of Trog the Wrathful
  2481 | Temple   | Slain by an orc

Illustrated notes

Levels and vault maps discovered:
D:1:      ncdulo_watergridlock, layout_basic,
          shapermc_ecumenical_altar_mp_urbaneastern
D:2:      layout_rooms, hex_intersection, minmay_split_cup_large, uniq_jessica
D:3:      layout_basic, nicolae_qazlal_eye_of_the_storm, uniq_sigmund
D:4:      layout_loops_ring, serial_shops, kennysheep_little_box,
          minmay_misc_feat_ornament, minmay_misc_feat_plants
D:5:      layout_basic, kennysheep_mini, nicolae_overflow_crystal_walls,
          minmay_temple_entry_grid, serial_aquarium, aquarium_bridge_straight
          [aquarium_subvault_bridge, aquarium_subvault_window,
          aquarium_subvault_bridge, aquarium_subvault_window],
          aquarium_window_fake, aquarium_window_corridor_3, aquarium_window_2,
          aquarium_window_fake, aquarium_view_2c, aquarium_view_2f,
          aquarium_pool_2, uniq_menkaure
Temple:   jpeg_temple_clearing

Skill      XL: |  1  2  3  4  5  6 |
---------------+-------------------+-----
Fighting       | 3 4 5 6 |  6.0
Throwing       | 1 |  1.0
Stealth        | 1 |  1.0
Evocations     | 1 |  1.0
Polearms       | 3 4 |  4.0
Dodging        | |  2.8
Spellcasting   | |  2.0
Translocations | |  3.0

Action                   |  1- 3 |  4- 6 || total
-------------------------+-------+-------++-------
Melee: Spear             |   146 |    54 ||   200
       Tailslap          |    14 |    22 ||    36
       Trident           |       |   169 ||   169
       Punch             |       |     2 ||     2
Throw: Boomerang         |       |    12 ||    12
 Cast: Blink             |       |     1 ||     1
  Use: Potion            |       |     2 ||     2
 Stab: Sleeping          |       |     2 ||     2
Armor: Skin              |    40 |    68 ||   108
Dodge: Dodged            |    98 |   114 ||   212
